 Dungeon Crawl Stone Soup version 0.30-a0-1114-gd936c97349 (webtiles) character file.

Game seed: 17589745737357720261

5172 dialectric the Spear-Bearer (level 10, -1/76 HPs)
             Began as a Demonspawn Fighter on Apr 20, 2023.
             Was an Elder of Cheibriados.
             Slain by Grum
             ... wielding a +1 heavy spear
              (11 damage)
             ... in a bailey.
             The game lasted 00:09:50 (7696 turns).

dialectric the Spear-Bearer (Demonspawn Fighter)    Turns: 7696, Time: 00:09:51

Health: -1/76      AC: 20    Str: 28    XL:     10   Next: 34%
Magic:  13/13      EV: 15    Int: 19    God:    Cheibriados [****..]
Gold:   553        SH:  0    Dex: 26    Spells: 7/9 levels left

rFire   . . .      SeeInvis .    o - +3 scythe (vamp)
rCold   . . .      Faith    .    (shield currently unavailable)
rNeg    . . .      Spirit   .    F - +0 swamp dragon scales
rPois   +          Reflect  .    w - +0 helmet
rElec   .          Rampage  .    I - +1 cloak
rCorr   .                        (no gloves)
Will    .....                    (no boots)
Stlth   ++                       (no amulet)
HPRegen 0.32/turn                u - +4 ring of protection
MPRegen 0.13/turn                B - +4 ring of protection

@: very slow
A: hooves 1, demonic guardian 2, powered by pain 2, weakness stinger 2
a: Renounce Religion, Bend Time, Temporal Distortion, Slouch


You were in a bailey.
You worshipped Cheibriados.
Cheibriados was greatly pleased with you.
You visited 1 branch of the dungeon, and saw 10 of its levels.
You also visited: Bailey.

You collected 553 gold pieces.

Inventory:

Hand Weapons
 a - a +0 long sword
 o - a +3 vampiric scythe (weapon)
 E - a +2 heavy halberd
Missiles
 J - 8 throwing nets (quivered)
Armour
 b - a +1 scale mail
 w - a +0 helmet (worn)
 y - a +0 plate armour
 F - +0 swamp dragon scales (worn)
 I - a +1 cloak (worn)
Jewellery
 f - a ring of fire
 m - a ring of resist corrosion
 u - a +4 ring of protection (left hand)
 B - a +4 ring of protection (right hand)
 D - a +5 ring of evasion
Wands
 g - a wand of mindburst (6)
 j - a wand of quicksilver (5)
 x - a wand of charming (2)
Scrolls
 e - a scroll of amnesia {unknown}
 l - 8 scrolls of identify
 p - 2 scrolls of blinking
 s - 2 scrolls of teleportation
 z - a scroll of poison {unknown}
 A - a scroll of enchant armour
 C - 2 scrolls of fear {unknown}
 G - a scroll of magic mapping
 H - a scroll of summoning {unknown}
Potions
 c - 2 potions of mutation {unknown}
 d - 2 potions of might
 h - 3 potions of curing
 i - 2 potions of lignification {unknown}
 k - a potion of cancellation {unknown}
 n - a potion of flight {unknown}
 q - a potion of resistance
 r - a potion of attraction {unknown}
 t - 2 potions of haste {unknown}
 v - a potion of magic {unknown}


   Skills:
 + Level 5.7 Fighting
 - Level 3.7 Long Blades
 + Level 9.6 Polearms
 + Level 6.3 Armour
 - Level 5.0 Dodging
 - Level 1.3 Stealth
 - Level 2.6 Shields
 - Level 4.6 Invocations


You had 7 spell levels left.
You knew the following spells:

 Your Spells              Type           Power      Damage    Failure   Level
a - Ensorcelled Hibernat  Hex/Ice        0%         N/A       41%         2

Your spell library contained the following spells:

 Spells                   Type           Power      Damage    Failure   Level
 Kiss of Death            Conj/Necr      0%         2d5       28%         1
 Shock                    Conj/Air       0%         1d3       28%         1
 Cigotuvi's Dreadful Rot  Necr/Pois/Air  0%         N/A       41%         2
 Passwall                 Tmut/Erth      0%         N/A       41%         2
 Sublimation of Blood     Necr           0%         N/A       41%         2
 Frozen Ramparts          Ice            0%         1d1       65%         3
 Swiftness                Air            0%         N/A       65%         3
 Airstrike                Air            0%         2d(0-16)  96%         4
 Animate Dead             Necr           0%         N/A       96%         4


Dungeon Overview and Level Annotations

Branches:
Dungeon (10/15)            Temple (0/1) D:4          Bailey (1/1)
   Lair: D:8-11         Orc: D:9-12

Altars:
Cheibriados
Gozag
Nemelex Xobeh
Qazlal

Annotations:
D:4 2 runed translucent doors
D:6 3 runed translucent doors, Yeetaclus's ghost, novice GnFi
D:9 1 runed translucent door, BubbleThief's ghost, novice NaCA Bailey Grum


Innate Abilities, Weirdness & Mutations

You have large cloven feet.
A demonic guardian rushes to your aid.
You sometimes gain power by taking damage.
You have a tail ending in a sharp stinger.


Message History

* * * LOW HITPOINT WARNING * * *
Your rust devil hits the gnoll sergeant.
The gnoll sergeant seems to be corroded for longer.
The gnoll sergeant closely misses you.
You slash the gnoll sergeant!
You feel better.
You kill the gnoll sergeant!
Cheibriados thoroughly appreciates the change of pace.
The gnoll barely misses you. Grum completely misses you.
The gnoll bouda gazes fiercely through you!
You feel your attacks grow feeble.
Unknown command.
You barely miss the gnoll sergeant.
You tail-slap the gnoll sergeant, but do no damage.
The gnoll sergeant is severely wounded.
The gnoll barely misses you.
Your rust devil hits the gnoll sergeant.
Your rust devil corrodes the gnoll sergeant!
The gnoll sergeant hits your rust devil with a +0 bardiche!
You puncture the gnoll sergeant!
You feel better.
You kill the gnoll sergeant!
Cheibriados appreciates the change of pace.
Grum closely misses you. The gnoll closely misses you.
You swap places.
Your attacks no longer feel as feeble.
The gnoll hits you but does no damage. x2; The gnoll closely misses you.
Grum hits you with a +1 heavy spear!
* * * LOW HITPOINT WARNING * * *
The gnoll bouda hits you from afar with a +0 trident.
* * * LOW HITPOINT WARNING * * *
The gnoll barely misses you. The gnoll hits you but does no damage.
The gnoll completely misses you.
There is an open door, spattered with blood here.
Items here: ))) [[[ †.
You slash the gnoll!
You feel better.
You kill the gnoll!
Cheibriados thoroughly appreciates the change of pace.
The gnoll bouda completely misses you.
Grum snarls, "You will fight me?
This will be... rough!"
Grum hits you with a +1 heavy spear!
You die...

##'## ##.).##
##.....## #..
#.......# #..
#...8...# ###
#ghh#.......#...#
#...##.....##...#
#..g.##.4.##....#
#8..gg##@##....8#
#.....#.g)#.....#
#..g.)ggg'....#
##...#.).#...##
#####.).#####..≈
...............≈
..............≈≈
≈≈≈≈≈≈≈≈≈≈≈≈≈≈≈≈♣
♣♣♣♣♣♣♣♣♣♣♣♣♣♣♣♣♣


You could see Grum (ally target), a gnoll bouda, 2 gnolls and a friendly rust
devil (summoned).

Vanquished Creatures
  Maggie (D:8)
  Psyche (D:9)
  A hornet (D:7)
  Sigmund (D:2)
  2 wraiths (D:10)
  A shadow (D:9)
  A yak (D:9)
  A steam dragon (D:9)
  An acid dragon (D:9)
  2 water moccasins
  2 ice beasts
  3 black bears (D:6)
  A wolf (Bailey)
  3 ogres
  A centaur (D:9)
  A kobold brigand (D:6)
  2 bullfrogs
  5 gnoll sergeants (Bailey)
  A scorpion (D:6)
  7 wights (D:8)
  2 howler monkeys (D:8)
  6 hounds
  4 orc priests
  A jelly (D:8)
  3 gnoll boudas (Bailey)
  5 iguanas
  3 orc wizards
  12 gnolls
  8 adders
  A shadow imp (D:6)
  4 worms
  A dart slug (D:3)
  20 orcs
  5 ball pythons
  5 endoplasms
  4 giant cockroaches
  7 hobgoblins
  13 kobolds
  4 quokkas
  15 bats
  5 frilled lizards
  15 goblins
  6 rats (D:1)
187 creatures vanquished.

Vanquished Creatures (collateral kills)
  A steam dragon (D:8)
  A centaur (D:10)
  2 wights (D:8)
  A howler monkey (D:8)
  2 orc wizards
  4 orcs (D:8)
  3 goblins (D:10)
14 creatures vanquished.

Vanquished Creatures (others)
  A wolf (Bailey)
1 creature vanquished.

Grand Total: 202 creatures vanquished

Notes
Turn   | Place    | Note
-------+----------+-------------------------------------------
     0 | D:1      | dialectric the Demonspawn Fighter began the quest for the
                  | Orb.
     0 | D:1      | Reached XP level 1. HP: 18/18 MP: 1/1
   234 | D:1      | Gained mutation: You sometimes gain a little power by
                  | taking damage. [demonic ancestry]
   234 | D:1      | Reached XP level 2. HP: 20/24 MP: 2/2
   897 | D:2      | Gained mutation: You sometimes gain power by taking damage.
                  | [demonic ancestry]
   897 | D:2      | Reached XP level 3. HP: 13/29 MP: 3/3
  1242 | D:2      | Noticed Sigmund
  1257 | D:2      | Killed Sigmund
  1258 | D:2      | Reached skill level 1 in Dodging
  1258 | D:2      | Reached XP level 4. HP: 17/37 MP: 4/4
  1258 | D:2      | Discovered your monstrous ancestry.
  1258 | D:2      | Gained mutation: You have a small tail. [demonic ancestry]
  1258 | D:2      | Reached XP level 5. HP: 20/42 MP: 5/5
  1612 | D:3      | Noticed a water moccasin
  1624 | D:3      | Killed a water moccasin
  1625 | D:3      | Reached skill level 1 in Polearms
  1625 | D:3      | Reached XP level 6. HP: 14/48 MP: 6/6
  2574 | D:4      | Found a staircase to the Ecumenical Temple.
  2610 | D:4      | Found a large runed translucent door.
  2610 | D:4      | Found a large runed translucent door.
  2681 | D:4      | Found a sparkling altar of Nemelex Xobeh.
  2684 | D:4      | Found a stormy altar of Qazlal.
  2684 | D:4      | Found a snail-covered altar of Cheibriados.
  2692 | D:4      | Became a worshipper of Cheibriados the Contemplative
  2746 | D:4      | Reached skill level 2 in Polearms
  2746 | D:4      | Gained mutation: A weak demonic guardian rushes to your
                  | aid. [demonic ancestry]
  2746 | D:4      | Reached XP level 7. HP: 54/54 MP: 7/7
  3508 | D:5      | Entered Level 5 of the Dungeon
  3687 | D:5      | Reached skill level 3 in Polearms
  3687 | D:5      | Reached skill level 1 in Stealth
  3804 | D:5      | Reached * piety under Cheibriados
  3827 | D:5      | Reached skill level 4 in Polearms
  4196 | D:6      | Gained mutation: You have large cloven feet. [demonic
                  | ancestry]
  4196 | D:6      | Reached XP level 8. HP: 52/60 MP: 8/8
  4200 | D:6      | Reached skill level 5 in Polearms
  4249 | D:6      | Found a runed translucent gate.
  4249 | D:6      | Found an opulent altar of Gozag.
  4250 | D:6      | Found a runed translucent gate.
  4250 | D:6      | Found a runed translucent gate.
  4256 | D:6      | Noticed Yeetaclus's ghost (novice GnFi)
  4417 | D:6      | Reached ** piety under Cheibriados
  4610 | D:6      | Reached skill level 6 in Polearms
  5432 | D:7      | Noticed a hornet
  5439 | D:7      | Paralysed by a hornet for 3 turns
  5446 | D:7      | Killed a hornet
  5447 | D:7      | Reached skill level 7 in Polearms
  5620 | D:7      | You fall into a shaft and drop 1 floor!
  5654 | D:8      | Noticed Maggie
  5667 | D:8      | Killed Maggie
  5668 | D:8      | Reached skill level 5 in Armour
  5668 | D:8      | Gained mutation: A demonic guardian rushes to your aid.
                  | [demonic ancestry]
  5668 | D:8      | Reached XP level 9. HP: 33/67 MP: 9/9
  5701 | D:8      | Reached *** piety under Cheibriados
  5708 | D:8      | Reached skill level 8 in Polearms
  5727 | D:8      | Reached skill level 5 in Fighting
  6156 | D:8      | Learned a level 2 spell: Ensorcelled Hibernation
  6194 | D:8      | Reached skill level 1 in Invocations
  6615 | D:9      | Found a runed translucent door.
  6626 | D:9      | Got the Excursus on the Spectral Chill
  6894 | D:9      | Noticed BubbleThief's ghost (novice NaCA)
  6973 | D:9      | Noticed Psyche
  6977 | D:9      | Killed Psyche
  6978 | D:9      | Gained mutation: You have a tail ending in a sharp stinger.
                  | [demonic ancestry]
  6978 | D:9      | Reached XP level 10. HP: 74/74 MP: 13/13
  7072 | D:9      | Reached skill level 9 in Polearms
  7362 | D:10     | Entered Level 10 of the Dungeon
  7440 | D:10     | Found a flagged portal.
  7450 | D:10     | Reached **** piety under Cheibriados
  7469 | D:10     | Reached skill level 5 in Dodging
  7480 | Bailey   | Entered a bailey
  7674 | Bailey   | Noticed Grum
  7696 | Bailey   | Slain by Grum

Illustrated notes

Levels and vault maps discovered:
D:1:      beargit_arrival_diablo_church, layout_basic, st_stairs_11
D:2:      layout_rooms, uniq_sigmund
D:3:      layout_loops_ring
D:4:      layout_loops_corners, chequers_temple_overflow_statue_of_worship,
          jmf_multi_god_temple2, minmay_temple_entry_poolview, serial_forest,
          infiniplex_forest_corner_1, infiniplex_forest_lined_2,
          infiniplex_forest_lined_2, infiniplex_forest_end_3,
          infiniplex_forest_clump_double, infiniplex_forest_straight_4,
          hangedman_glass_teeth, minmay_ogre_servants
D:5:      layout_rooms
D:6:      layout_cave_pods, ebering_ghost_gozag
D:7:      layout_cave_pools, nrook_loot_triangle, hex_large
D:8:      layout_loops_ring, st_stairs_7, uniq_maggie
D:9:      layout_irregular_city, ebering_ghost_reflecting_pool, serial_glass,
          glass_columns_b, glass_columns_b, glass_columns_b, glass_columns_a,
          glass_columns_c, glass_columns_a, minmay_strange_pillars,
          item_on_display_a, unseen_surprise_small, kennysheep_generic_room_13,
          uniq_psyche
D:10:     layout_loops_cross, trog_three_pillars_becter, enter_bailey_5
Bailey:   bailey_polearm_gnolls_kennysheep, bailey

Skill      XL: |  1  2  3  4  5  6  7  8  9 10 |
---------------+-------------------------------+-----
Armour         | 3 4 5 6 |  6.3
Long Blades    | 2 3 |  3.7
Dodging        | 1 2 3 4 5 |  5.0
Polearms       | 1 2 4 7 8 9 |  9.6
Fighting       | 4 5 |  5.7
Stealth        | 1 |  1.3
Invocations    | 4 |  4.6
Shields        | |  2.6

Action                     |  1- 3 |  4- 6 |  7- 9 | 10-12 || total
---------------------------+-------+-------+-------+-------++-------
  Melee: Long sword        |   100 |    23 |       |       ||   123
         Halberd           |       |    99 |   250 |    97 ||   446
         Tailslap          |       |     8 |    35 |    12 ||    55
         Punch             |       |     1 |       |       ||     1
         Kick              |       |       |    49 |    27 ||    76
         Unarmed           |       |       |     2 |       ||     2
 Invoke: Bend Time         |       |       |     1 |       ||     1
  Evoke: Wand              |       |       |       |     8 ||     8
    Use: Potion            |     3 |     1 |     3 |       ||     7
         Scroll            |       |     3 |     8 |       ||    11
   Stab: Invisible         |     1 |     1 |       |       ||     2
         Distracted        |       |       |     1 |       ||     1
 Armour: Scale mail        |    68 |    71 |   176 |       ||   315
         Swamp dragon scal |       |       |     1 |    51 ||    52
  Dodge: Dodged            |    64 |    70 |   182 |   146 ||   462

Table legend: (Time is in decaauts)
 A = Elapsed time spent in this place.
 B = Non-inter-level travel time spent in this place.
 C = Inter-level travel time spent in this place.
 D = Time resting spent in this place.
 E = Time spent auto-exploring this place.
 F = Levels seen in this place.
 G = Mean time per level.
                   A        B        C        D        E       F      G
               +--------+--------+--------+--------+--------+-----+--------+
         Total |   9597 |   9113 |    484 |      0 |   7407 |  11 |  872.5 |
       Dungeon |   9328 |   8844 |    484 |      0 |   7315 |  10 |  932.8 |
        Bailey |    268 |    268 |      0 |      0 |     92 |   1 |  268.0 |
               +--------+--------+--------+--------+--------+-----+--------+

Top non-repeatable levels by time:
     D:6: 1596 daAuts
     D:4: 1369 daAuts
     D:8: 1284 daAuts
     D:9: 1216 daAuts
     D:1: 912 daAuts
     D:3: 907 daAuts
     D:5: 681 daAuts
     D:2: 641 daAuts
     D:7: 546 daAuts
  Bailey: 268 daAuts
    D:10: 172 daAuts
